Map: Coda LE (Void)

Players

Tbag

  • Race: Terran Terran

Bop - Winner!

  • Race: Protoss Protoss

VOD

Have the link to the VOD?

Description

Time

  • Played on: May 4, 2015, 6:42 p.m.
  • Length: 5:35
Show
View Real Time Build Order
Export as new Build Order

Tbag Terran 

Build Orders: Reaper Expand 

Get SALT Encoding   

  12  0:10  Supply Depot  
  12  0:13  SCV  
  13  0:25  SCV  
  14  0:36  Barracks  
  14  0:38  SCV  
  15  0:46  Refinery  
  15  0:50  SCV  
  16  1:02  SCV  
  17  1:14  SCV  
  18  1:27  Engineering Bay  
  18  1:30  Reaper  
  19  1:33  Orbital Command  
  19  1:59  SCV  
  19  2:03  Command Center  
  19  2:14  Reaper  
  19  2:15  Supply Depot, SCV  
  21  2:28  SCV  
  22  2:40  SCV  
  22  2:46  Barracks x2  
  22  2:47  Marine  
  22  2:48  Bunker  
  23  2:52  SCV  
  24  3:04  SCV  
  24  3:05  Marine  
  25  3:16  SCV, Refinery  
  25  3:18  Factory  
  26  3:23  Marine  
  27  3:28  SCV  
  27  3:34  Barracks Tech Lab, Marine  
  28  3:40  SCV, Marine  
  30  3:52  SCV  
  26  4:01  Marine  
  26  4:02  Marine x2  
  26  4:04  SCV  
  23  4:16  SCV  
  23  4:21  Starport  
  23  4:22  Marine  
  23  4:23  Marine x2  
  26  4:25  Factory Reactor  
  26  4:29  SCV  
  27  4:41  SCV, Marauder  
  27  4:43  Orbital Command  
  30  4:46  Marine  
  31  4:53  SCV  
  31  4:54  Marine  
  33  5:05  SCV  
  34  5:08  Marine x2  
  38  5:15  Supply Depot  
Show
View Real Time Build Order
Export as new Build Order

Bop Protoss - Winner!

Build Orders:  

Get SALT Encoding   

  12  0:01  Probe  
  13  0:13  Probe  
  14  0:20  Pylon  
  14  0:38  Probe (Chrono Boost), Gateway  
  14  0:42  Assimilator  
  15  0:49  Probe (Chrono Boost)  
  16  0:55  Probe  
  17  0:59  Pylon  
  17  1:07  Probe (Chrono Boost)  
  19  1:19  Probe (Chrono Boost)  
  19  1:25  Probe (Chrono Boost)  
  20  1:26  Zealot  
  20  1:28  Cybernetics Core  
  22  1:48  Gateway  
  22  1:54  Pylon  
  22  2:04  Adept (Chrono Boost)  
  22  2:05  Warp Gate  
  24  2:22  Nexus  
  24  2:28  Adept (Chrono Boost)  
  28  2:39  Adept (Chrono Boost)  
  28  2:54  Gateway  
  28  2:55  Pylon  
  28  3:10  Adept x2 (Chrono Boost)  
  32  3:16  Probe  
  33  3:29  Probe  
  34  3:39  Twilight Council  
  34  3:40  Assimilator  
  34  3:41  Probe  
  35  3:53  Probe  
  32  4:12  Probe x2 (Chrono Boost)  
  34  4:18  Adept x3  
  34  4:23  Probe (Chrono Boost)  
  42  4:24  Probe (Chrono Boost)  
  42  4:29  Probe (Chrono Boost)  
  43  4:34  Probe (Chrono Boost)  
  43  4:37  Pylon  
  44  4:41  Probe (Chrono Boost)  
  46  4:48  Probe (Chrono Boost)  
  46  4:49  Probe (Chrono Boost), Assimilator  
  46  4:50  Assimilator  
  47  4:55  Probe  
  47  4:58  Probe  
  49  5:04  Gateway  
  49  5:06  Gateway  
  49  5:07  Probe  
  49  5:10  Probe (Chrono Boost)  
  51  5:19  Robotics Facility  
  51  5:20  Probe (Chrono Boost), Pylon  
  52  5:22  Probe (Chrono Boost)  
Tags
 
Add a new tag
Caveats
  • Supply blocks, unpowered buildings, or Contaminate may cause inaccurate times.
  • Supply counts are checked every 10 seconds.